 Dungeon Crawl Stone Soup version 0.31-a0-1570-g93c622d222 (webtiles) character file.

Game seed: 14296703916639152345

26 voltaire321 the Gusty (level 2, -9/20 HPs)
             Began as a Demonspawn Air Elementalist on Jan 4, 2024.
             Mangled by Sigmund
             ... wielding a +1 heavy scythe
              (17 damage)
             ... on level 2 of the Dungeon.
             The game lasted 00:02:21 (1319 turns).

voltaire321 the Gusty (Demonspawn Air Elementalist) Turns: 1319, Time: 00:02:22

Health: -9/20      AC:  2    Str:  8    XL:     2   Next: 89%
Magic:  1/5        EV: 12    Int: 15    God:
Gold:   55         SH:  0    Dex: 13    Spells: 4/5 levels left

rFire   . . .        e - +0 falchion
rCold   . . .        (no shield)
rNeg    . . .        a - +0 robe
rPois   .            (no helmet)
rElec   .            (no cloak)
rCorr   .            (no gloves)
SInv    .            (no boots)
Will    .....        (no amulet)
Stlth   ++           (no ring)
HPRegen 0.23/turn    (no ring)
MPRegen 0.09/turn

%: no passive effects
@: no status effects
A: ignite blood 1
a: no special abilities


You were on level 2 of the Dungeon.
You visited 1 branch of the dungeon, and saw 2 of its levels.

You collected 55 gold pieces.

Inventory:

Hand Weapons
 e - a +0 falchion (weapon)
 i - a +0 dagger of venom
Armour
 a - a +0 robe (worn)
Scrolls
 d - a scroll of poison {unknown}
 f - 2 scrolls of identify {unknown}
 g - a scroll of vulnerability {unknown}
Potions
 b - a potion of magic
 c - a potion of resistance {unknown}
 h - a potion of curing {unknown}


   Skills:
 + Level 0.5 Fighting
 + Level 0.6 Armour
 + Level 2.1 Dodging
 - Level 1.7 Stealth
 + Level 2.2 Spellcasting
 + Level 1.3 Conjurations
 + Level 2.8 Air Magic


You had 4 spell levels left.
You knew the following spells:

 Your Spells              Type           Power      Damage    Failure   Level
a - Shock                 Conj/Air       32%        1d5       9%          1

Your spell library contained the following spells:

 Spells                   Type           Power      Damage    Failure   Level
 Static Discharge         Conj/Air       16%        3-4/arc   14%         2
 Swiftness                Air            10%        N/A       21%         3
 Slow                     Hex            4%         N/A       22%         1
 Confusing Touch          Hex            1%         N/A       54%         3
 Sigil of Binding         Hex            1%         N/A       54%         3
 Vampiric Draining        Necr           1%         2d6       54%         3
 Airstrike                Air            5%         2d(1-17)  54%         4


Dungeon Overview and Level Annotations

Branches:
Dungeon (2/15)

Altars:

Annotations:
D:2 Sigmund


Innate Abilities, Weirdness & Mutations

Your demonic aura sometimes causes spilled blood to erupt in flames.


Message History

Sigmund points at you and mumbles some strange words.
You resist with significant effort.
Things that are here:
a +0 robe; a +0 hand axe
Aiming: Shock (safe; 9% risk of failure)
Press: ? - help, Q - select action Shift-Dir - straight line, f/p - Sigmund
Aim: Sigmund, wielding a +1 heavy scythe and wearing a +0 robe (lightly wounded, 64% to hit)
The zap hits Sigmund.
Sigmund is lightly wounded.
Sigmund mumbles some strange words.
Sigmund flickers and vanishes!
Deactivating autopickup; reactivate with Ctrl-A.
Aiming: Shock (safe; 9% risk of failure)
Press: ? - help, Q - select action Shift-Dir - straight line, f - you
Okay, then.
A puff of flame appears from out of thin air!
The puff of flame hits you!
Casting: Shock (safe; 9% risk of failure)
Confirm with . or Enter, or press ? or * to list all spells.
Aiming: Shock (safe; 9% risk of failure)
Press: ? - help, Shift-Dir - straight line
Casting: Shock (safe; 9% risk of failure)
Confirm with . or Enter, or press ? or * to list all spells.
Aiming: Shock (safe; 9% risk of failure)
Press: ? - help, Shift-Dir - straight line The zap hits something.
Casting: Shock (safe; 9% risk of failure)
Confirm with . or Enter, or press ? or * to list all spells.
Aiming: Shock (safe; 9% risk of failure)
Press: ? - help, Shift-Dir - straight line Something barely misses you.
You closely miss something. Something hits you.
You closely miss something. You miss something. Something barely misses you.
You closely miss something. You closely miss something. Something hits you!
You miss something. You miss something. Something hits you!
Ouch! That really hurt!
You die...

...# .# #.....@.#
##.##
##.#####.#####
....### ..... #.#
.)....#...... #.#
......#[..... #.#
....#........ #[#
....#.#...... #.#
....#.#....># #.#
#####.# ##### #@#
#####.# #.#
......# #.#
################.#
.................#
##################


There were no monsters in sight!

Vanquished Creatures
  A dart slug (D:1)
  2 bats
  3 endoplasms
  3 goblins
  3 hobgoblins (D:1)
  3 quokkas
  A ball python (D:1)
  2 frilled lizards
  A kobold (D:1)
  4 rats (D:1)
23 creatures vanquished.

Notes
Turn   | Place    | Note
-------+----------+-------------------------------------------
     0 | D:1      | voltaire321 the Demonspawn Air Elementalist began the quest
                  | for the Orb.
     0 | D:1      | Reached XP level 1. HP: 13/13 MP: 3/3
   301 | D:1      | Gained mutation: Your demonic aura sometimes causes spilled
                  | blood to erupt in flames. [demonic ancestry]
   301 | D:1      | Reached XP level 2. HP: 20/20 MP: 1/5
  1294 | D:2      | Noticed Sigmund
  1319 | D:2      | Mangled by Sigmund

Illustrated notes

Levels and vault maps discovered:
D:1:      psy_arrival_radial01, layout_basic, minivault_14
D:2:      layout_basic, uniq_sigmund

Skill      XL: |  1  2 |
---------------+-------+-----
Dodging        | 2 |  2.1
Fighting       | |  0.5
Armour         | |  0.6
Stealth        | |  1.7
Spellcasting   | |  2.2
Conjurations   | |  1.3
Air Magic      | |  2.8

Action                     || total
---------------------------++-------
  Melee: Falchion          ||    21
   Cast: Shock             ||    43
 Armour: Robe              ||     9
  Dodge: Dodged            ||    11

Table legend: (Time is in decaauts)
 A = Elapsed time spent in this place.
 B = Non-inter-level travel time spent in this place.
 C = Inter-level travel time spent in this place.
 D = Time resting spent in this place.
 E = Time spent auto-exploring this place.
 F = Levels seen in this place.
 G = Mean time per level.
                   A        B        C        D        E       F      G
               +--------+--------+--------+--------+--------+-----+--------+
         Total |   1324 |   1324 |      0 |     78 |   1015 |   2 |  662.0 |
       Dungeon |   1324 |   1324 |      0 |     78 |   1015 |   2 |  662.0 |
               +--------+--------+--------+--------+--------+-----+--------+

Top non-repeatable levels by time:
     D:1: 1079 daAuts
     D:2: 244 daAuts
